TOP OF THE 1ST |
Monroe Mallards batting - Pitching for Santa Clarita Music : RHP Pat Hardy
|
Pitching: RHP Pat Hardy
|
|
Batting: RHB Stephen Black
|
0-0: Ball 1-0: Swinging Strike 1-1: Ball 2-1: Ball 3-1: Foul Ball, location: 2F 3-2: Strikes out looking
|
Batting: RHB Dave Sawyer
|
0-0: Ball 1-0: Ball 2-0: Ball 3-0: Called Strike 3-1: Fly out, F9 (Flyball, 9LM)
|
Batting: LHB Allen Boyd
|
0-0: Foul Ball, location: 2F 0-1: Ball 1-1: Swinging Strike 1-2: Ball 2-2: Ball 3-2: Fly out, F9 (Flyball, 89D)
|
Top of the 1st over - 0 run(s), 0 hit(s), 0 error(s), 0 left on base; Monroe 0 - Santa Clarita 0 |
BOTTOM OF THE 1ST |
Santa Clarita Music batting - Pitching for Monroe Mallards : RHP Patrick Bland
|
Pitching: RHP Patrick Bland
|
|
Batting: RHB Luis Suárez
|
0-0: Fly out, F9 (Flyball, 9)
|
Batting: RHB António Martínez
|
0-0: Ball 1-0: Ball 2-0: Ball 3-0: Base on Balls
|
Batting: LHB Francisco Blanco
|
0-0: Ball 1-0: Ball 2-0: Ball 3-0: Called Strike 3-1: Called Strike 3-2: Fly out, F9 (Flyball, 9LS)
|
Batting: LHB Ben Donaldson
|
0-0: Called Strike 0-1: Ball 1-1: Fly out, F3 (Popup, 3S)
|
Bottom of the 1st over - 0 run(s), 0 hit(s), 0 error(s), 1 left on base; Monroe 0 - Santa Clarita 0 |
TOP OF THE 2ND |
Monroe Mallards batting - Pitching for Santa Clarita Music : RHP Pat Hardy
|
Batting: LHB Frank Byrd
|
0-0: DOUBLE (Line Drive, 9LS)
|
Batting: LHB Ramón Ortega
|
0-0: Fly out, F8 (Flyball, 8RM)
|
Batting: RHB Jorge Vázquez
|
0-0: Called Strike 0-1: Foul Ball, location: 2F 0-2: Foul Ball, location: 2F 0-2: Ball 1-2: Ground out 6-3 (Groundball, 6)
|
Batting: RHB Roberto Sánchez
|
0-0: Called Strike 0-1: Foul Ball, location: 2F 0-2: Ball 1-2: Ball 2-2: Strikes out swinging
|
Top of the 2nd over - 0 run(s), 1 hit(s), 0 error(s), 1 left on base; Monroe 0 - Santa Clarita 0 |
BOTTOM OF THE 2ND |
Santa Clarita Music batting - Pitching for Monroe Mallards : RHP Patrick Bland
|
Batting: SHB Pedro Rodríguez
|
0-0: Ball 1-0: Ball 2-0: Ball 3-0: Base on Balls
|
Batting: RHB Jesús Morales
|
0-0: Ball 1-0: Grounds into double play, 1-6-3 (Groundball, 13S)
|
Batting: RHB Greg Grant
|
0-0: Ground out 4-3 (Groundball, 4)
|
Bottom of the 2nd over - 0 run(s), 0 hit(s), 0 error(s), 0 left on base; Monroe 0 - Santa Clarita 0 |
TOP OF THE 3RD |
Monroe Mallards batting - Pitching for Santa Clarita Music : RHP Pat Hardy
|
Batting: RHB Ricardo López
|
0-0: Ball 1-0: Foul Ball, location: 2F 1-1: Fly out, F7 (Flyball, 7)
|
Batting: RHB Héctor Vega
|
0-0: Ground out 4-3 (Groundball, 4S)
|
Batting: RHB Stephen Black
|
0-0: Ball 1-0: Ball 2-0: Foul Ball, location: 2F 2-1: Swinging Strike 2-2: Ball 3-2: Foul Ball, location: 2F 3-2: Base on Balls
|
Batting: RHB Dave Sawyer
|
0-0: Foul Ball, location: 2F 0-1: Ball 1-1: Ball 2-1: Swinging Strike 2-2: Ball 3-2: Ground out 5-3 (Groundball, 56S)
|
Top of the 3rd over - 0 run(s), 0 hit(s), 0 error(s), 1 left on base; Monroe 0 - Santa Clarita 0 |
BOTTOM OF THE 3RD |
Santa Clarita Music batting - Pitching for Monroe Mallards : RHP Patrick Bland
|
Batting: RHB Tony Collier
|
0-0: Ball 1-0: Called Strike 1-1: Reached on error, E4 (Groundball, 4)
|
Batting: RHB Adam Gentry
|
0-0: Ball 1-0: Foul Ball, location: 2F 1-1: Ball 2-1: Ball 3-1: Base on Balls
|
Batting: RHB Luis Suárez
|
0-0: Foul Ball, location: 2F 0-1: Ball 1-1: Called Strike 1-2: Foul Ball, location: 2F 1-2: Foul Ball, location: 2F 1-2: Foul Ball, location: 2F 1-2: Grounds into double play, 4-6-3 (Groundball, 4) Tony Collier to third
|
Batting: RHB António Martínez
|
0-0: Foul Ball, location: 2F 0-1: Ball 1-1: Ball 2-1: Ball 3-1: Swinging Strike 3-2: Base on Balls
|
Batting: LHB Francisco Blanco
|
0-0: Ball 1-0: SINGLE (Groundball, 3D) Tony Collier scores António Martínez to second Runner from 2nd tries for 3rd, SAFE, no throw
|
Batting: LHB Ben Donaldson
|
0-0: Ball 1-0: Ball 2-0: Swinging Strike 2-1: Ball 3-1: Called Strike 3-2: Foul Ball, location: 2F 3-2: Strikes out swinging
|
Bottom of the 3rd over - 1 run(s), 1 hit(s), 1 error(s), 2 left on base; Monroe 0 - Santa Clarita 1 |
TOP OF THE 4TH |
Monroe Mallards batting - Pitching for Santa Clarita Music : RHP Pat Hardy
|
Batting: LHB Allen Boyd
|
0-0: Foul Ball, location: 2F 0-1: Ball 1-1: Called Strike 1-2: Strikes out swinging
|
Batting: LHB Frank Byrd
|
0-0: Ball 1-0: Ball 2-0: Fly out, F4 (Line Drive, 34D)
|
Batting: LHB Ramón Ortega
|
0-0: Called Strike 0-1: Foul Ball, location: 2F 0-2: Ball 1-2: Foul Ball, location: 2F 1-2: Foul Ball, location: 2F 1-2: Ball 2-2: Ball 3-2: Foul Ball, location: 2F 3-2: Strikes out looking
|
Top of the 4th over - 0 run(s), 0 hit(s), 0 error(s), 0 left on base; Monroe 0 - Santa Clarita 1 |
BOTTOM OF THE 4TH |
Santa Clarita Music batting - Pitching for Monroe Mallards : RHP Patrick Bland
|
Batting: SHB Pedro Rodríguez
|
0-0: Swinging Strike 0-1: Ball 1-1: Ball 2-1: Ball 3-1: Foul Ball, location: 2F 3-2: Fly out, F8 (Line Drive, 8LS)
|
Batting: RHB Jesús Morales
|
0-0: Called Strike 0-1: Ball 1-1: Fly out, F8 (Flyball, 8LD)
|
Batting: RHB Greg Grant
|
0-0: Called Strike 0-1: Ball 1-1: Ball 2-1: SOLO HOME RUN (Line Drive, 89XD), Distance : 427 ft
|
Batting: RHB Tony Collier
|
0-0: Ball 1-0: Ground out 6-3 (Groundball, 6M)
|
Bottom of the 4th over - 1 run(s), 1 hit(s), 0 error(s), 0 left on base; Monroe 0 - Santa Clarita 2 |
TOP OF THE 5TH |
Monroe Mallards batting - Pitching for Santa Clarita Music : RHP Pat Hardy
|
Batting: RHB Jorge Vázquez
|
0-0: Called Strike 0-1: Reached on error, E4 (Groundball, 4)
|
Batting: RHB Roberto Sánchez
|
0-0: Swinging Strike 0-1: Ball 1-1: Foul Ball, location: 2F 1-2: Ball 2-2: Foul Ball, location: 2F 2-2: Ball Wild Pitch! Jorge Vázquez to second 3-2: Base on Balls
|
Batting: RHB Ricardo López
|
0-0: Ball 1-0: Swinging Strike 1-1: Swinging Strike 1-2: Ball 2-2: Ball 3-2: Fly out, F8 (Flyball, 8RS)
|
Batting: RHB Héctor Vega
|
0-0: Called Strike 0-1: Ball 1-1: Ball Jorge Vázquez is caught stealing 3rd base Roberto Sánchez to second 2-1: Ball 3-1: Fly out, F8 (Flyball, 8RM)
|
Top of the 5th over - 0 run(s), 0 hit(s), 1 error(s), 1 left on base; Monroe 0 - Santa Clarita 2 |
BOTTOM OF THE 5TH |
Santa Clarita Music batting - Pitching for Monroe Mallards : RHP Patrick Bland
|
Batting: RHB Adam Gentry
|
0-0: Ball 1-0: Swinging Strike 1-1: Ball 2-1: Ball 3-1: Base on Balls
|
Batting: RHB Luis Suárez
|
0-0: Ball 1-0: Foul Ball, location: 2F 1-1: Ball 2-1: SINGLE (Groundball, 4MD) Adam Gentry to second Runner from 2nd tries for 3rd, SAFE, throw made to third Luis Suárez to second
|
Batting: RHB António Martínez
|
0-0: Swinging Strike 0-1: Ball 1-1: Ball 2-1: Foul Ball, location: 2F 2-2: Ball 3-2: Base on Balls
|
Pitching: RHP Ben Simpson
|
|
Batting: LHB Francisco Blanco
|
0-0: Fly out, F5 (Popup, 15)
|
Batting: LHB Ben Donaldson
|
0-0: SINGLE (Line Drive, 34D) Adam Gentry scores Luis Suárez to third António Martínez to second Runner from 3rd tries for Home, SAFE, no throw
|
Batting: SHB Pedro Rodríguez
|
0-0: Called Strike 0-1: Foul Ball, location: 2F 0-2: Ball 1-2: Strikes out swinging
|
Batting: RHB Jesús Morales
|
0-0: Called Strike 0-1: Foul Ball, location: 2F 0-2: Ball 1-2: Foul Ball, location: 2F 1-2: Ball 2-2: Fly out, F7 (Flyball, 7D)
|
Bottom of the 5th over - 2 run(s), 2 hit(s), 0 error(s), 2 left on base; Monroe 0 - Santa Clarita 4 |
TOP OF THE 6TH |
Monroe Mallards batting - Pitching for Santa Clarita Music : RHP Pat Hardy
|
Pitching: LHP Ray Karl
|
|
Batting: RHB Stephen Black
|
0-0: SINGLE (Line Drive, 7S)
|
Batting: RHB Dave Sawyer
|
0-0: Ball 1-0: Ball 2-0: Foul Ball, location: 2F 2-1: Foul Ball, location: 2F 2-2: Grounds into double play, 6-4-3 (Groundball, 6)
|
Batting: LHB Allen Boyd
|
0-0: Ball 1-0: Swinging Strike 1-1: Called Strike 1-2: Ball 2-2: Ball 3-2: Ground out 4-3 (Groundball, 4)
|
Top of the 6th over - 0 run(s), 1 hit(s), 0 error(s), 0 left on base; Monroe 0 - Santa Clarita 4 |
BOTTOM OF THE 6TH |
Santa Clarita Music batting - Pitching for Monroe Mallards : RHP Ben Simpson
|
Batting: RHB Greg Grant
|
0-0: Ball 1-0: Called Strike 1-1: Foul Ball, location: 2F 1-2: Ball 2-2: Fly out, F9 (Flyball, 9S)
|
Batting: RHB Tony Collier
|
0-0: Ground out 6-3 (Groundball, 6)
|
Batting: RHB Adam Gentry
|
0-0: Swinging Strike 0-1: Fly out, F8 (Flyball, 8RD)
|
Bottom of the 6th over - 0 run(s), 0 hit(s), 0 error(s), 0 left on base; Monroe 0 - Santa Clarita 4 |
TOP OF THE 7TH |
Monroe Mallards batting - Pitching for Santa Clarita Music : LHP Ray Karl
|
Batting: LHB Frank Byrd
|
0-0: Ball 1-0: Ball 2-0: Called Strike 2-1: Foul Ball, location: 2F 2-2: Ball 3-2: Foul Ball, location: 2F 3-2: Foul Ball, location: 2F 3-2: Base on Balls
|
Batting: LHB Ramón Ortega
|
0-0: Ball 1-0: Fly out, F8 (Flyball, 8LM)
|
Batting: RHB Jorge Vázquez
|
0-0: Called Strike 0-1: Ball 1-1: Foul Ball, location: 2F 1-2: Fly out, F7 (Line Drive, 7)
|
Batting: RHB Roberto Sánchez
|
0-0: Ball 1-0: Called Strike 1-1: Called Strike 1-2: Ball 2-2: Ball 3-2: Strikes out looking
|
Top of the 7th over - 0 run(s), 0 hit(s), 0 error(s), 1 left on base; Monroe 0 - Santa Clarita 4 |
BOTTOM OF THE 7TH |
Santa Clarita Music batting - Pitching for Monroe Mallards : RHP Ben Simpson
|
Batting: RHB Luis Suárez
|
0-0: Ball 1-0: Swinging Strike 1-1: Swinging Strike 1-2: Ball 2-2: Foul Ball, location: 2F 2-2: Strikes out swinging
|
Batting: RHB António Martínez
|
0-0: Foul Ball, location: 2F 0-1: Ball 1-1: Swinging Strike 1-2: SINGLE (Groundball, 34D)
|
Batting: LHB Francisco Blanco
|
0-0: Ball 1-0: Ball 2-0: Foul Ball, location: 2F 2-1: SINGLE (Line Drive, 56D) António Martínez to second
|
Batting: LHB Ben Donaldson
|
0-0: Fly out, F8 (Flyball, 8RM)
|
Batting: SHB Pedro Rodríguez
|
0-0: Foul Ball, location: 2F 0-1: Ball António Martínez is caught stealing 3rd base
|
Bottom of the 7th over - 0 run(s), 2 hit(s), 0 error(s), 0 left on base; Monroe 0 - Santa Clarita 4 |
TOP OF THE 8TH |
Monroe Mallards batting - Pitching for Santa Clarita Music : LHP Ray Karl
|
Batting: RHB Ricardo López
|
0-0: Called Strike 0-1: Called Strike 0-2: Ball 1-2: Ball 2-2: Foul Ball, location: 2F 2-2: Ball 3-2: Hit by Pitch
|
Batting: RHB Héctor Vega
|
0-0: Called Strike 0-1: Ball 1-1: Foul Ball, location: 2F 1-2: Grounds into double play, 6-4-3 (Groundball, 6)
|
Batting: RHB Stephen Black
|
0-0: Foul Ball, location: 2F 0-1: Fly out, F7 (Flyball, 7LMF)
|
Top of the 8th over - 0 run(s), 0 hit(s), 0 error(s), 0 left on base; Monroe 0 - Santa Clarita 4 |
BOTTOM OF THE 8TH |
Santa Clarita Music batting - Pitching for Monroe Mallards : RHP Ben Simpson
|
Batting: SHB Pedro Rodríguez
|
0-0: Ball 1-0: Foul Ball, location: 2F 1-1: Ball 2-1: Foul Ball, location: 2F 2-2: Ball 3-2: Ground out 5-3 (Groundball, 56)
|
Batting: RHB Jesús Morales
|
0-0: Ball 1-0: Ball 2-0: Foul Ball, location: 2F 2-1: Foul Ball, location: 2F 2-2: Fly out, F8 (Flyball, 8LS)
|
Batting: RHB Greg Grant
|
0-0: Ball 1-0: Swinging Strike 1-1: Ball 2-1: Called Strike 2-2: Ball 3-2: Base on Balls
|
Pitching: RHP Hoyt Richardson
|
|
Batting: RHB Tony Collier
|
0-0: Ball 1-0: Ball 2-0: Fielders Choice at 2nd, 6-4 (Groundball, 6)
|
Bottom of the 8th over - 0 run(s), 0 hit(s), 0 error(s), 0 left on base; Monroe 0 - Santa Clarita 4 |
TOP OF THE 9TH |
Monroe Mallards batting - Pitching for Santa Clarita Music : LHP Ray Karl
|
Batting: RHB Dave Sawyer
|
0-0: Ball 1-0: Ground out 1-3 (Groundball, P)
|
Batting: LHB Allen Boyd
|
0-0: Ball 1-0: Swinging Strike 1-1: Ball 2-1: Swinging Strike 2-2: Ball 3-2: SINGLE (Groundball, 13S) (infield hit)
|
Pitching: RHP Álex Amaya
|
|
Batting: LHB Frank Byrd
|
0-0: Foul Ball, location: 2F 0-1: Fly out, F3 (Popup, 3L)
|
Batting: LHB Ramón Ortega
|
0-0: Called Strike 0-1: Foul Ball, location: 2F 0-2: Ball 1-2: Strikes out swinging
|
Top of the 9th over - 0 run(s), 1 hit(s), 0 error(s), 1 left on base; Monroe 0 - Santa Clarita 4 |
|